cohdb
Replays
Latest Replays
All Replays
Popular Replays
Top Player Replays
Match Explorer
How It Works
Community
CoH3 Stats
Reddit
Sign in to upload your games and track your stats! →
Sign in with Steam
Match 45200504
Unlisted
Match 45200504
Overview
Messages
Build Orders
End
Construct Section Command Post
Royal Engineer Section
Dingo Light Scout Car
Infantry Section
Infantry Section
Infantry Section
Construct Platoon Command Post
Humber Armored Car
Grenade Package
Infantry Training
Unlock M3 Stuart Light Tanks
Selects Air and Sea Battlegroup
Selects Air and Sea Battlegroup
Selects Supply Surplus
Selects Commando Section Paradrop
Selects Commando Support Section Paradrop
Construct Resource Cache
M3 Stuart Light Tank
M3 Stuart Light Tank
Unlock Bishop Self-propelled Artillery
Bishop Self-propelled Artillery
Selects Anti-tank Rocket Loiter
6-pounder Anti-tank Gun Team
Young Soldiers(中国)
potatoo
YummyPine033
tomcollier116
0
0
Comments
sign in to comment!
No comments posted yet!